 Dungeon Crawl Stone Soup version 0.22-a0-439-gac93bac (webtiles) character file.

261184 iamserjio the Slingshot (level 20, -11/143 HPs)
             Began as a Halfling Hunter on May 28, 2018.
             Was a High Priest of Okawaru.
             Mangled by an earth elemental (27 damage)
             ... summoned by a deep elf elementalist
             ... on level 3 of the Elven Halls on May 29, 2018.
             The game lasted 03:09:28 (48778 turns).

iamserjio the Slingshot (Halfling Hunter)          Turns: 48778, Time: 03:09:29

Health: -11/143    AC: 32    Str: 18    XL:     20   Next: 76%
Magic:  25/25      EV: 25    Int: 11    God:    Okawaru [*****.]
Gold:   2622       SH: 19    Dex: 30    Spells: 14/19 levels left

rFire    . . .     SeeInvis .   a - +8 hunting sling "Iri Tean" {venom, Dex+3}
rCold    + . .     Gourm    .   r - +3 shield {rC+}
rNeg     + . .     Faith    .   Z - +8 scale mail "Buophote" {rPois Dex+4}
rPois    +         Spirit   .   o - +0 hat of Tedubud {+Inv rN+ Int+2}
rElec    +         Reflect  .   b - +2 cloak {MR+}
rCorr    .         Harm     .   Y - +2 pair of gloves {archery}
MR       +++..                  K - +1 pair of boots
Stlth    +.........             C - amulet "Xememnuupu" {MR+ Regen+}
HPRegen  0.73/turn              p - ring "Woxkedgh" {+Inv rElec rPois Dex+4}
MPRegen  0.19/turn              X - +4 ring of protection

@: finesse, very slightly contaminated
A: small, low mp 1, mutation resistance 1
}: 2/15 runes: decaying, gossamer
a: Heroism, Finesse, Renounce Religion, Evoke Invisibility


You were on level 3 of the Elven Halls.
You worshipped Okawaru.
Okawaru was extremely pleased with you.
You were not hungry.

You visited 7 branches of the dungeon, and saw 35 of its levels.
You also visited: Sewer and Ice Cave.

You collected 5309 gold pieces.
You spent 2687 gold pieces at shops.

Inventory:

Hand Weapons
 a - the +8 hunting sling "Iri Tean" (weapon) {venom, Dex+3}
   (You found it on level 11 of the Dungeon)

   It poisons the ammo it fires.
   It affects your dexterity (+3).
 E - a +3 dagger of electrocution
 I - a +0 blowgun
 L - a +2 hunting sling of flaming
Missiles
 d - 268 sling bullets (quivered)
 u - 64 stones
 M - 25 needles of sleeping
Armour
 b - a +2 cloak of magic resistance (worn)
 o - the +0 hat of Tedubud (worn) {+Inv rN+ Int+2}
   (You acquired it on level 2 of the Lair of Beasts)

   It affects your intelligence (+2).
   It protects you from negative energy.
   It lets you turn invisible.
 r - a +3 shield of cold resistance (worn)
 A - a scarf of cloud immunity
 K - a +1 pair of boots (worn)
 Y - a +2 pair of gloves of archery (worn)
 Z - the +8 scale mail "Buophote" (worn) {rPois Dex+4}
   (You bought it in a shop on level 2 of the Orcish Mines)

   It affects your dexterity (+4).
   It protects you from poison.
Jewellery
 k - an uncursed ring of protection from fire
 p - the ring "Woxkedgh" (left hand) {+Inv rElec rPois Dex+4}
   (You bought it in a shop on level 11 of the Dungeon)

   [ring of poison resistance]

   It affects your dexterity (+4).
   It insulates you from electricity.
   It protects you from poison.
   It lets you turn invisible.
 v - an uncursed ring of resist corrosion
 y - an uncursed ring of protection from cold
 C - the amulet "Xememnuupu" (around neck) {MR+ Regen+}
   (You bought it in a shop on level 11 of the Dungeon)

   [amulet of regeneration]

   It affects your resistance to hostile enchantments.
   It increases your rate of regeneration.
 N - an uncursed ring of see invisible
 X - a +4 ring of protection (right hand)
Wands
 c - a wand of paralysis (49)
 q - a wand of acid (11)
 G - a wand of enslavement (19)
 P - a wand of digging (20)
 V - a wand of scattershot (13)
Scrolls
 i - 6 scrolls of teleportation
 j - 4 scrolls of blinking
 l - 15 scrolls of remove curse
 w - 5 scrolls of fear
 F - 3 scrolls of summoning
 H - a scroll of enchant weapon
 J - 5 scrolls of fog
 W - 2 scrolls of magic mapping
Potions
 e - 2 potions of cancellation
 g - 8 potions of magic
 h - a potion of berserk rage
 n - 6 potions of agility
 t - 10 potions of flight
 x - 17 potions of curing
 z - 11 potions of heal wounds
 B - 5 potions of ambrosia
 D - 10 potions of haste
 O - 5 potions of brilliance
 Q - 7 potions of mutation
 R - 7 potions of invisibility
 T - 5 potions of resistance
 U - 3 potions of might
Miscellaneous
 m - 2 sacks of spiders
 S - a phial of floods
Comestibles
 f - 41 rations


   Skills:
 * Level 14.1 Fighting
 - Level 8.0 Short Blades
 + Level 21.3 Slings
 + Level 16.7 Armour
 + Level 12.4 Dodging
 - Level 1.1 Stealth
 - Level 15.0 Shields
 - Level 4.0 Charms
 - Level 7.0 Invocations
 + Level 11.2 Evocations


You had 14 spell levels left.
You knew the following spells:

 Your Spells              Type           Power        Failure   Level  Hunger
a - Swiftness             Chrm/Air       #.......     65%         2    ###....
b - Portal Projectile     Hex/Tloc       #.....       98%         3    ####...

Your spell library contained the following spells:

 Spells                   Type           Power        Failure   Level  Hunger
 Cause Fear               Hex            #.........   100%        4    #####..
 Apportation              Tloc           #.....       78%         1    ##.....
 Bolt of Cold             Conj/Ice       #.........   100%        6    #######
 Lightning Bolt           Conj/Air       #.........   100%        5    ######.
 Bolt of Magma            Conj/Fire/Erth #.........   100%        5    ######.
 Slow                     Hex            #.......     89%         2    ###....
 Freezing Cloud           Conj/Ice/Air   #.........   100%        6    #######
 Venom Bolt               Conj/Pois      #.........   100%        5    ######.
 Summon Small Mammal      Summ           #...         78%         1    ##.....
 Animate Skeleton         Necr           N/A          78%         1    ##.....
 Ozocubu's Refrigeration  Ice            #.........   100%        6    #######
 Iron Shot                Conj/Erth      #.........   100%        6    #######
 Stone Arrow              Conj/Erth      #.....       98%         3    ####...
 Shock                    Conj/Air       #...         78%         1    ##.....
 Ice Form                 Ice/Tmut       #.......     100%        4    #####..
 Airstrike                Air            #.........   100%        4    #####..
 Confusing Touch          Hex            #.....       78%         1    ##.....
 Passwall                 Tmut/Erth      #.......     89%         2    ###....
 Metabolic Englaciation   Hex/Ice        #.........   100%        5    ######.
 Static Discharge         Conj/Air       #.......     98%         3    ####...
 Corona                   Hex            #......      78%         1    ##.....
 Lee's Rapid Deconstruct  Erth           #.........   100%        5    ######.
 Sandblast                Erth           #.....       78%         1    ##.....
 Simulacrum               Ice/Necr       #.........   100%        6    #######
 Petrify                  Tmut/Erth      #.......     100%        4    #####..
 Orb of Destruction       Conj           #.........   100%        7    #######
 Leda's Liquefaction      Hex/Erth       #.........   100%        4    #####..
 Inner Flame              Hex/Fire       #.......     98%         3    ####...
 Iskenderun's Battlesphe  Conj/Chrm      #.......     100%        5    ######.
 Spellforged Servitor     Conj/Summ      #.........   100%        7    #######


Dungeon Overview and Level Annotations

Branches:
Dungeon (15/15)            Temple (1/1) D:6            Lair (6/6) D:9
  Swamp (4/4) Lair:2       Spider (4/4) Lair:4        Slime (0/5) Lair:5
    Orc (2/2) D:11            Elf (3/3) Orc:2        Vaults (0/5) D:13
 Depths (0/5) D:15

Altars:
Ashenzari
Cheibriados
Dithmenos
Elyvilon
Fedhas
Gozag
Hepliaklqana
Kikubaaqudgha
Makhleb
Nemelex Xobeh
Okawaru
Qazlal
Ru
Sif Muna
Trog
Uskayaw
Vehumet
Wu Jian
Xom
Yredelemnul
Zin
The Shining One
Beogh
Jiyva

Shops:
D:4 :   D:7 :   D:11 [(=::   Orc:2 =[[*(   Elf:1 ==   Elf:2 %   Elf:3 !

Annotations:
D:11 1 exclusion
Elf:2 3 runed doors


Innate Abilities, Weirdness & Mutations

You are small and have problems with some larger weapons.
You are somewhat resistant to further mutation.
Your magical capacity is low. (-10% MP)


Message History

The Executioner hits you but does no damage.
You block the Executioner's attack.
The deep elf demonologist casts a spell.
The Hell Sentinel closely misses you.
The Hell Sentinel hits you but does no damage.
The deep elf elementalist completely misses you.
The Executioner hits you but does no damage. x2
The Executioner hits you.
* * * LOW HITPOINT WARNING * * *
You block the Executioner's attack. x2; The Executioner hits you.
* * * LOW HITPOINT WARNING * * *
The deep elf sorcerer hits you with a rapier.
* * * LOW HITPOINT WARNING * * *
The deep elf elementalist hits you but does no damage.
The Executioner hits you!
* * * LOW HITPOINT WARNING * * *
You block the Executioner's attack.
The Executioner hits you but does no damage.
The earth elemental hits you!!
You die...

.......#.###.##
.......'## #.#
........# ###
........##
.........#
.........########
............E.E.##
........#####EEeE#
........# #E#e@#
.......## ##.11#
.......# ##(##
######## #ee###
##EE4.# #.)(..#
#3.))## ####(#*
*4))**


You could see a Hell Sentinel, a deep elf annihilator, an Executioner, a deep
elf sorcerer, a deep elf elementalist, 6 earth elementals and a smoke demon.

Vanquished Creatures
  Mara (Elf:3)
  Jorgrun (Spider:4)
  Agnes (Elf:1)
  Donald (Spider:4)
  3 thorn hunters
  Kirke (D:14)
  4 deep elf sorcerers
  A frost giant (IceCv)
  2 ghost moths (Spider:4)
  7 emperor scorpions
  Louise (Elf:1)
  An orc warlord (Orc:2)
  A deep elf elementalist (Elf:3)
  The ghost of Gorice the Protected, a journeyman DsWn of Okawaru (Orc:2)
  2 large abominations
  5 entropy weavers
  2 deep elf demonologists
  A stone giant (Orc:2)
  Azrael (D:14)
  A dire elephant (D:15)
  4 deep elf annihilators (Elf:3)
  The ghost of Totori the Markscentaur, a journeyman CeNe of Okawaru (Lair:3)
  A spark wasp (Spider:2)
  3 deep elf death magi (Elf:3)
  Snorg (D:13)
  3 fire dragons (Swamp:4)
  Josephine (D:14)
  3 deep elf high priests
  14 hydras
  A vault guard (D:13)
  A ghost crab (Swamp:1)
  2 centaur warriors
  17 alligators
  A catoblepas (D:13)
  7 two-headed ogres
  A merfolk avatar (Lair:6)
  8 dancing weapons
  8 orc high priests
  6 deep elf knights
  2 fire crabs
  3 unseen horrors
  9 swamp dragons
  A wolf spider zombie (D:15)
  2 harpies (Lair:6)
  10 deep elf archers
  Pikel (D:5)
  An obsidian statue (D:12)
  A wizard (D:14)
  A lindwurm (Swamp:4)
  42 deep elf magi
  2 shambling mangroves
  4 orc knights
  An orb spider (shapeshifter) (D:14)
  3 orc sorcerers
  38 wolf spiders
  27 orb spiders
  2 oklob plants (Lair:3)
  3 manticores
  2 moths of wrath
  7 cyclopes
  4 elephants (Lair:6)
  2 ice statues (IceCv)
  6 black mambas
  4 centaur zombies
  A torpor snail (Spider:3)
  18 spiny frogs
  A freezing wraith (D:15)
  A kobold demonologist (D:15)
  12 demonic crawlers
  6 komodo dragons
  14 rime drakes
  4 yaktaurs (D:15)
  44 jumping spiders
  3 meliai (Spider:2)
  4 tengu conjurers
  A merfolk (D:15)
  9 trolls
  17 polar bears
  A wind drake (Lair:6)
  24 slime creatures
  7 tyrant leeches
  9 blink frogs
  20 hornets
  11 hippogriffs
  2 bog bodies
  68 redbacks
  2 shadows
  8 wyverns
  6 spriggans
  A vampire (D:15)
  A water elemental (Elf:2)
  2 air elementals (Elf:2)
  4 wraiths (D:14)
  65 yaks
  26 tarantellas
  3 hogs (D:14)
  2 basilisks
  6 fire elementals
  7 steam dragons
  38 vampire mosquitoes
  A steam dragon (shapeshifter) (D:13)
  3 hungry ghosts
  A human (D:14)
  15 swamp worms
  5 wargs
  A swamp worm (shapeshifter) (D:14)
  12 insubstantial wisps
  Menkaure (D:5)
  3 acid dragons
  3 hell hounds (D:14)
  5 porcupines
  16 water moccasins
  37 orc warriors
  2 ice beasts
  A hornet zombie (D:6)
  5 sky beasts
  A black bear (D:9)
  A slave (D:4)
  15 swamp drakes
  An eye of draining (D:12)
  18 ogres
  2 necrophages
  10 centaurs
  4 phantoms
  7 wolves (IceCv)
  9 crocodiles
  7 big kobolds
  20 bullfrogs
  An earth elemental (Elf:2)
  A wyvern skeleton (D:14)
  6 scorpions
  6 killer bees (D:12)
  13 wights
  A howler monkey (D:6)
  An electric eel (Lair:6)
  A lava snake (Swamp:4)
  2 bullfrog zombies
  3 crimson imps
  4 hounds
  7 gnoll shamans
  14 orc priests
  2 bullfrog skeletons
  3 centaur skeletons
  13 jellies
  2 iguanas
  Ijyb (D:5)
  23 orc wizards
  8 worker ants
  A hound zombie (D:5)
  3 hound skeletons
  A howler monkey zombie (D:11)
  7 adders
  15 gnolls
  4 river rats
  4 shadow imps
  8 oozes
  2 worms (D:2)
  A dart slug (D:4)
  8 leopard geckos
  64 orcs
  2 ball pythons (D:2)
  7 bats
  2 giant cockroaches
  8 goblins
  14 hobgoblins
  11 jackals
  3 quokkas
  6 frilled lizards
  A giant cockroach zombie (D:5)
  26 kobolds
  A leopard gecko skeleton (D:7)
  A leopard gecko zombie (D:7)
  2 quokka skeletons (D:8)
  15 rats
  2 crawling corpses (Elf:1)
  A plant (Lair:3)
1285 creatures vanquished.

Vanquished Creatures (others)
  A hydra (Swamp:4)
  A dancing weapon (Elf:2)
  A deep elf knight (Elf:1)
  A deep elf archer (Elf:2)
  A shambling mangrove (Swamp:2)
  A lindwurm (Swamp:4)
  A hornet (Swamp:1)
  2 steam dragons (Swamp:4)
  3 vampire mosquitoes (Swamp:1)
  A warg (Orc:1)
  2 slaves (D:5)
  4 swamp drakes (Swamp:4)
  An orc warrior (Orc:2)
  An orc (Orc:2)
  34 fungi
  26 plants
  11 toadstools (D:5)
92 creatures vanquished.

Grand Total: 1377 creatures vanquished

Notes
Turn   | Place    | Note
-------+----------+-------------------------------------------
     0 | D:1      | iamserjio the Halfling Hunter began the quest for the Orb.
     0 | D:1      | Reached XP level 1. HP: 14/14 MP: 1/1
    68 | D:1      | Reached skill level 6 in Slings
   191 | D:1      | Reached XP level 2. HP: 19/19 MP: 2/2
   361 | D:1      | Reached XP level 3. HP: 23/24 MP: 3/3
   376 | D:1      | Reached skill level 1 in Armour
   728 | D:2      | Reached XP level 4. HP: 20/29 MP: 4/4
  1206 | D:2      | Noticed a necrophage
  1606 | D:2      | Found a glowing silver altar of Zin.
  1729 | D:2      | Reached skill level 7 in Slings
  1732 | D:2      | Gained mutation: You have a pair of small horns on your head. [potion of mutation]
  1775 | D:2      | Reached XP level 5. HP: 14/35 MP: 5/5
  2035 | D:2      | Found a bloodstained altar of Trog.
  2098 | D:2      | Found a blossoming altar of Fedhas.
  2272 | D:2      | Reached skill level 1 in Short Blades
  2604 | D:3      | Found a deep blue altar of Sif Muna.
  2784 | D:3      | Reached XP level 6. HP: 39/41 MP: 6/6
  3376 | D:3      | Found a faded altar of an unknown god.
  3995 | D:4      | Found a glowing drain.
  4003 | Sewer    | Entered a sewer
  4108 | Sewer    | Reached skill level 8 in Slings
  4328 | Sewer    | Found a white marble altar of Elyvilon.
  4432 | D:4      | Reached XP level 7. HP: 46/46 MP: 7/7
  4915 | D:4      | Found a burning altar of Makhleb.
  4917 | D:4      | Noticed a blizzard demon
  4957 | D:4      | Found Edopuam's Book Emporium.
  5933 | D:5      | Entered Level 5 of the Dungeon
  6001 | D:5      | Reached skill level 9 in Slings
  6241 | D:5      | Reached skill level 1 in Shields
  6241 | D:5      | Reached XP level 8. HP: 52/52 MP: 8/8
  6491 | D:5      | Noticed Menkaure
  6500 | D:5      | Killed Menkaure
  6525 | D:5      | Reached skill level 10 in Slings
  7326 | D:5      | Reached skill level 5 in Dodging
  7588 | D:5      | Noticed Pikel
  7864 | D:5      | Noticed Ijyb
  7877 | D:5      | Killed Ijyb
  8110 | D:5      | Reached XP level 9. HP: 56/56 MP: 9/9
  8231 | D:5      | Killed Pikel
  8231 | D:5      | Reached skill level 5 in Short Blades
  8231 | D:5      | Reached skill level 11 in Slings
  8231 | D:5      | Reached skill level 5 in Armour
  8480 | D:5      | Noticed a slime creature
  8480 | D:5      | Noticed a slime creature
  8870 | D:6      | Found a blossoming altar of Fedhas.
  8870 | D:6      | Found a stormy altar of Qazlal.
  9097 | D:6      | Found a white marble altar of Elyvilon.
  9258 | D:6      | Found a staircase to the Ecumenical Temple.
  9272 | Temple   | Entered the Ecumenical Temple
  9344 | Temple   | Became a worshipper of Warmaster Okawaru
 10406 | D:6      | Reached skill level 12 in Slings
 11089 | D:7      | Reached XP level 10. HP: 51/63 MP: 10/10
 11622 | D:7      | Reached * piety under Okawaru
 11622 | D:7      | Reached skill level 5 in Shields
 12184 | D:7      | Found Bafysale's Book Boutique.
 12931 | D:8      | Found a viscous altar of Jiyva.
 13885 | D:9      | Found a shattered altar of Ashenzari.
 14183 | D:9      | Found a staircase to the Lair.
 14184 | D:9      | Noticed a komodo dragon
 14222 | D:9      | Reached ** piety under Okawaru
 14400 | D:9      | Reached skill level 5 in Fighting
 14566 | D:9      | Reached skill level 13 in Slings
 14566 | D:9      | Reached XP level 11. HP: 71/71 MP: 11/11
 15564 | Lair:1   | Entered Level 1 of the Lair of Beasts
 15572 | Lair:1   | Noticed a six-headed hydra
 15765 | Lair:1   | Got a tiger eye-encrusted leather armour
 15776 | Lair:1   | Identified the +3 leather armour of the Beggar {+Inv rN+} (You found it on level 1 of the Lair of Beasts)
 15792 | Lair:1   | Reached skill level 1 in Evocations
 16122 | Lair:1   | Reached *** piety under Okawaru
 16842 | Lair:2   | Reached skill level 1 in Invocations
 16862 | Lair:2   | Reached **** piety under Okawaru
 17259 | Lair:2   | Received a gift from Okawaru
 17653 | Lair:2   | Reached XP level 12. HP: 55/80 MP: 12/15
 17731 | Lair:2   | Reached skill level 14 in Slings
 17861 | Lair:2   | Got an ancient lajatang
 17873 | Lair:2   | Identified the +9 lajatang of Haneus {speed, rPois Stlth+} (You found it on level 2 of the Lair of Beasts)
 17902 | Lair:2   | Reached skill level 5 in Evocations
 18583 | Lair:2   | Found an ancient bone altar of Kikubaaqudgha.
 18786 | Lair:2   | Received a gift from Okawaru
 18931 | Lair:2   | Received a gift from Okawaru
 18971 | Lair:2   | Gained mutation: Your magical capacity is low. (-10% MP) [mutagenic glow]
 19211 | Lair:2   | Found a staircase to the Swamp.
 19653 | Lair:3   | Reached ***** piety under Okawaru
 19990 | Lair:3   | Learned a level 2 spell: Swiftness
 20027 | Lair:3   | Noticed Totori's ghost (journeyman CeNe)
 20184 | Lair:3   | Killed Totori's ghost
 20315 | Lair:3   | Noticed a six-headed hydra
 20330 | Lair:3   | Killed a six-headed hydra
 20330 | Lair:3   | Reached skill level 1 in Charms
 20377 | Lair:3   | Noticed an eight-headed hydra
 20396 | Lair:3   | Killed an eight-headed hydra
 20418 | Lair:3   | Received a gift from Okawaru
 20843 | Lair:3   | Identified a scroll of acquirement
 21246 | Lair:4   | Reached XP level 13. HP: 86/86 MP: 16/16
 21319 | Lair:4   | Reached skill level 10 in Dodging
 21335 | Lair:4   | Received a gift from Okawaru
 21684 | Lair:4   | Received a gift from Okawaru
 21767 | Lair:4   | Found a hole to the Spider Nest.
 22762 | Lair:5   | Found a staircase to the Slime Pits.
 22762 | Lair:5   | Found a viscous altar of Jiyva.
 23031 | Lair:6   | Entered Level 6 of the Lair of Beasts
 23145 | Lair:6   | Reached skill level 10 in Armour
 23166 | Lair:6   | Received a gift from Okawaru
 23445 | Lair:6   | Received a gift from Okawaru
 23445 | Lair:6   | Reached skill level 5 in Invocations
 23615 | Lair:6   | Received a gift from Okawaru
 23823 | Lair:6   | Reached XP level 14. HP: 67/94 MP: 15/17
 23846 | Lair:6   | Reached ****** piety under Okawaru
 23846 | Lair:6   | Received a gift from Okawaru
 24163 | Lair:6   | Received a gift from Okawaru
 25441 | D:10     | Entered Level 10 of the Dungeon
 25675 | D:10     | You fall through a shaft!
 25718 | D:11     | Found Gilai's Book Emporium.
 25823 | D:11     | Found Vineneimm's Jewellery Shoppe.
 25850 | D:11     | Found a frozen archway.
 25859 | IceCv    | Entered an ice cave
 25872 | IceCv    | Reached skill level 15 in Slings
 26572 | IceCv    | Noticed a frost giant
 26596 | IceCv    | Killed a frost giant
 26989 | D:11     | Got a transparent hunting sling
 26990 | D:11     | Identified the +8 hunting sling "Iri Tean" {venom, Dex+3} (You found it on level 11 of the Dungeon)
 27014 | D:11     | Bought the amulet "Xememnuupu" {MR+ Regen+} for 553 gold pieces
 27054 | D:11     | Found a staircase to the Orcish Mines.
 27090 | D:11     | Found Saigruli's Book Emporium.
 27146 | D:11     | Found Cocianud's Armour Shoppe.
 27200 | D:11     | Found Vada's Antique Weapon Boutique.
 27545 | D:10     | Found a white marble altar of Elyvilon.
 28024 | Orc:1    | Entered Level 1 of the Orcish Mines
 28658 | Orc:1    | Found a roughly hewn altar of Beogh.
 28796 | Orc:2    | Entered Level 2 of the Orcish Mines
 28796 | Orc:2    | Found a staircase to the Elven Halls.
 28815 | Orc:2    | Reached XP level 15. HP: 80/101 MP: 17/19
 28823 | Orc:2    | Received a gift from Okawaru
 29026 | Orc:2    | Noticed a stone giant
 29047 | Orc:2    | Killed a stone giant
 29323 | Orc:2    | Noticed Gorice's ghost (journeyman DsWn)
 29350 | Orc:1    | Gained mutation: Your spells are a little harder to cast, but a little more powerful. [mutagenic glow]
 29606 | Orc:2    | Killed Gorice's ghost
 29696 | Orc:2    | Found Ichiplo's General Store.
 29714 | Orc:2    | Noticed an orc warlord
 29715 | Orc:2    | Found Ceddyodgh's Antique Armour Shop.
 29732 | Orc:2    | Killed an orc warlord
 29732 | Orc:2    | Reached skill level 16 in Slings
 29990 | Orc:2    | Bought a pair of embroidered gloves for 195 gold pieces
 29990 | Orc:2    | Bought a steaming scale mail for 234 gold pieces
 30030 | Orc:2    | Identified the +8 scale mail "Buophote" {rPois Dex+4} (You bought it in a shop on level 2 of the Orcish Mines)
 30070 | Orc:2    | Found Neagyis's Antique Weapon Shop.
 30112 | Orc:2    | Bought a potion of mutation for 104 gold pieces
 30112 | Orc:2    | Lost mutation: You have a pair of small horns on your head. [potion of mutation]
 30112 | Orc:2    | Lost mutation: Your spells are a little harder to cast, but a little more powerful. [potion of mutation]
 30299 | Orc:2    | Found Azumeava's Jewellery Shoppe.
 30349 | Orc:2    | Bought an uncursed ring of see invisible for 180 gold pieces
 30373 | Orc:2    | Found Hyoqet's Antique Armour Shop.
 30469 | Orc:2    | Found a bloodstained altar of Trog.
 30675 | D:11     | Bought the ring "Woxkedgh" {+Inv rElec rPois Dex+4} for 642 gold pieces
 30847 | D:12     | Found the +8 storm bow {elec}
 30940 | D:12     | Got a blackened ring mail
 30955 | D:12     | Identified the +3 ring mail of Sisme {rElec rPois rF- MR+} (You found it on level 12 of the Dungeon)
 31973 | D:13     | Found an ancient bone altar of Kikubaaqudgha.
 32106 | D:13     | Received a gift from Okawaru
 32194 | D:13     | Reached skill level 10 in Fighting
 32296 | D:13     | Noticed Snorg
 32312 | D:13     | Killed Snorg
 32312 | D:13     | Received a gift from Okawaru
 32313 | D:13     | Got an ichor-stained hunting sling {god gift}
 32334 | D:13     | Identified the +4 hunting sling "Wied" {venom, rN+ Dex+7} (Okawaru gifted it to you on level 13 of the Dungeon)
 32368 | D:13     | Reached skill level 10 in Evocations
 32804 | D:13     | Reached XP level 16. HP: 76/109 MP: 14/21
 32812 | D:13     | Found a gate to the Vaults.
 33164 | D:14     | Noticed Azrael
 33223 | D:14     | Killed Azrael
 33373 | D:14     | Noticed Kirke
 33385 | D:14     | Killed Kirke
 33541 | D:14     | Noticed Josephine
 33548 | D:14     | Killed Josephine
 33647 | D:14     | Found a glowing golden altar of the Shining One.
 34048 | D:15     | Entered Level 15 of the Dungeon
 34083 | D:15     | Reached skill level 17 in Slings
 34285 | D:15     | Received a gift from Okawaru
 34287 | D:15     | Got an ivory spear {god gift}
 34520 | D:15     | Found a staircase to the Depths.
 34869 | D:15     | Received a gift from Okawaru
 35543 | Swamp:1  | Entered Level 1 of the Swamp
 35598 | Swamp:1  | Received a gift from Okawaru
 35607 | Swamp:1  | Got a translucent ring mail {god gift}
 35618 | Swamp:1  | Identified the +5 ring mail of Mejadgh {+Blink +Fly rN+++ Int-5} (Okawaru gifted it to you on level 1 of the Swamp)
 35703 | Swamp:1  | Noticed a thorn hunter
 36169 | Lair:2   | Killed a thorn hunter
 36180 | Lair:2   | Reached skill level 10 in Shields
 36445 | Lair:2   | Reached XP level 17. HP: 107/116 MP: 20/22
 38243 | Swamp:2  | Reached skill level 18 in Slings
 38277 | Swamp:2  | Received a gift from Okawaru
 38421 | Swamp:2  | Got a smoking mace
 38422 | Swamp:2  | Identified the +7 mace of Inuucs {crush, rElec MR- Int+8 Dex+3} (You found it on level 2 of the Swamp)
 38726 | Swamp:3  | Noticed a thorn hunter
 38744 | Swamp:3  | Killed a thorn hunter
 38814 | Swamp:3  | Reached skill level 15 in Armour
 39096 | Swamp:3  | Noticed a thorn hunter
 39123 | Swamp:3  | Killed a thorn hunter
 39463 | Swamp:3  | Upgraded the game from 0.22-a0-433-gd2a9cce to 0.22-a0-439-gac93bac
 39465 | Swamp:4  | Entered Level 4 of the Swamp
 39993 | Swamp:4  | Reached XP level 18. HP: 123/124 MP: 22/22
 40192 | Swamp:4  | Received a gift from Okawaru
 40434 | Swamp:4  | Got a decaying rune of Zot
 40551 | Lair:2   | Got a pair of heavily runed gloves
 40562 | Lair:2   | Identified the +0 pair of gloves of Mezcal {rF+ Int+3 Dex+4} (You acquired it on level 2 of the Lair of Beasts)
 40573 | Lair:2   | Got a faintly glowing pewter ring
 40574 | Lair:2   | Identified the ring of Patience {rPois MP+9 Str+3 Dex-5} (You acquired it on level 2 of the Lair of Beasts)
 40578 | Lair:2   | Got a faintly humming chain mail
 40589 | Lair:2   | Identified the +0 chain mail of Jurghax {+Inv rC+ Dex+3} (You acquired it on level 2 of the Lair of Beasts)
 40601 | Lair:2   | Got a slimy hat
 40612 | Lair:2   | Identified the +0 hat of Tedubud {+Inv rN+ Int+2} (You acquired it on level 2 of the Lair of Beasts)
 40614 | Lair:2   | Got a spiked plate armour
 40625 | Lair:2   | Identified the +0 plate armour of Starshine {Int+5} (You acquired it on level 2 of the Lair of Beasts)
 40693 | Spider:1 | Entered Level 1 of the Spider Nest
 41257 | Spider:1 | Reached skill level 19 in Slings
 41367 | Spider:1 | Received a gift from Okawaru
 43494 | Spider:3 | Reached XP level 19. HP: 133/133 MP: 23/23
 43575 | Spider:3 | Received a gift from Okawaru
 43578 | Spider:3 | Identified the +3 chain mail "Esumaudd" {Dex+4} (Okawaru gifted it to you on level 3 of the Spider Nest)
 44124 | Spider:4 | Entered Level 4 of the Spider Nest
 44124 | Spider:4 | Noticed Jorgrun
 44141 | Spider:4 | Killed Jorgrun
 44141 | Spider:4 | Reached skill level 20 in Slings
 44610 | Spider:4 | Noticed Donald
 44632 | Spider:4 | Killed Donald
 44991 | Spider:4 | Learned a level 3 spell: Portal Projectile
 45147 | Spider:4 | Received a gift from Okawaru
 45166 | Spider:4 | Received a gift from Okawaru
 45274 | Spider:4 | Got a gossamer rune of Zot
 45707 | Elf:1    | Entered Level 1 of the Elven Halls
 45807 | Elf:1    | Found Zacwuba's Jewellery Boutique.
 45815 | Elf:1    | Found Pejap's Jewellery Boutique.
 45838 | Elf:1    | Noticed Louise
 45860 | Elf:1    | Killed Louise
 46068 | Elf:1    | Noticed Agnes
 46086 | Elf:1    | Killed Agnes
 46484 | Elf:1    | Reached XP level 20. HP: 141/141 MP: 25/25
 47273 | Elf:2    | Found a runed gate.
 47273 | Elf:2    | Found a runed gate.
 47273 | Elf:2    | Found a runed gate.
 47350 | Elf:2    | Reached skill level 21 in Slings
 47579 | Elf:2    | Received a gift from Okawaru
 47581 | Elf:2    | Found Quton's Food Emporium.
 47761 | Elf:2    | Received a gift from Okawaru
 47938 | Elf:3    | Entered Level 3 of the Elven Halls
 48027 | Elf:3    | Found Poizxec's Distillery.
 48049 | Elf:3    | Reached skill level 15 in Shields
 48054 | Elf:3    | Bought a potion of heal wounds for 95 gold pieces
 48054 | Elf:3    | Bought a potion of agility for 76 gold pieces
 48054 | Elf:3    | Bought a potion of heal wounds for 95 gold pieces
 48054 | Elf:3    | Bought a potion of cancellation for 152 gold pieces
 48054 | Elf:3    | Bought a potion of heal wounds for 95 gold pieces
 48054 | Elf:3    | Bought a potion of curing for 57 gold pieces
 48054 | Elf:3    | Bought a potion of cancellation for 152 gold pieces
 48054 | Elf:3    | Bought a potion of curing for 57 gold pieces
 48179 | Elf:3    | Noticed Mara
 48188 | Elf:3    | Noticed iamserjio's illusion
 48269 | Elf:3    | Killed Mara
 48269 | Elf:3    | Received a gift from Okawaru
 48762 | Elf:3    | Noticed a Hell Sentinel
 48778 | Elf:3    | Mangled by an earth elemental

Vault maps used:
D:1:      minmay_arrival_cross, corexii_item_surrounded_by_moat,
          minmay_tromino_v4_c
D:2:      lemuel_coloured_pillars_altar, lemuel_doored_altar, first_ration,
          fedhas_altar_4
D:3:      led_sif_book, chequers_ecumenical_altar_island,
          lexackson_kobold_supper
D:4:      serial_shops, nicolae_shop_crystal, cheibrodos_sewer_entry_sluice,
          makhleb_altar_promises_db
D:5:      cheibrodos_fertilizer, glass_columns_a, kennysheep_generic_room_15,
          uniq_ijyb, uniq_pikel, uniq_menkaure
D:6:      grunt_temple_overflow_forces_of_nature, minmay_temple_entry_overgrown,
          basic_altar
D:7:      serial_shops, shop_statue
D:8:      hangedman_little_slice_of_home
D:9:      kennysheep_seaside_town, overflow_temple_1_default,
          david_lair_shrubbed
D:10:     elyvilon_altar_4
D:11:     minmay_orc_entry_guard_dogs, serial_shops, shop,
          nicolae_shop_waterfront, kennysheep_little_box, shop, shop,
          portal_ice_cave_entry_pillars_2, kennysheep_nub
D:12:     minivault_26, minmay_protected_statue
D:13:     david_vaults_5, basic_altar, uniq_snorg
D:14:     corexii_checkpoint_a, tso_altar, uniq_azrael, uniq_kirke,
          uniq_josephine
D:15:     hangedman_depths_entry_try_elsewhere_first, serial_glass,
          glass_columns_a, glass_columns_b, glass_columns_b, glass_columns_a,
          glass_columns_b, glass_columns_c, hangedman_decor_points,
          minmay_pinched_square
Temple:   nicolae_temple_elliptical
Lair:2:   minmay_swamp_entry_swarm, basic_altar, bobbens_dragon_lair_wall
Lair:3:   minmay_lair_oklob_chamber
Lair:4:   spider_nest_entry_webs
Lair:5:   slime_altar_1
Lair:6:   gammafunk_lair_ancient_temple, serial_bayou_lagoon_b
Swamp:1:  evilmike_swamp_ruin_house_5
Swamp:2:  evilmike_swamp_ruin_house_1, statue_in_the_mist_lemuel,
          infiniplex_staircase_pool
Swamp:3:  evilmike_swamp_ruin_house_2
Swamp:4:  swamp_fiery, swamp_pool3, nicolae_swamp_rocky_clearing
Spider:4: grunt_spider_rune_circles, uniq_donald, uniq_jorgrun
Orc:1:    nicolae_orc_accident_2
Orc:2:    grunt_orc_gardens, grunt_orc_garden, grunt_orc_garden,
          grunt_orc_garden, grunt_orc_garden, serial_shops, shop,
          david_defended_altar_orc
Elf:1:    elf_arrival_001, hangedman_elf_represent, minmay_shop_star,
          uniq_agnes, uniq_louise
Elf:2:    serial_shops, shop
Elf:3:    grunt_elf_hall_asides, serial_shops, shop, uniq_mara
Sewer:    sewer_kobolds
IceCv:    ice_cave_small_giant

Skill      XL: |  1  2  3  4  5  6  7  8  9 10 11 12 13 14 15 16 17 18 19 20 |
---------------+-------------------------------------------------------------+-----
Slings         | 6 7 8 9 10 12 13 14 15 16 17 18 19 20 21 | 21.3
Fighting       | 2 3 5 6 7 8 9 10 11 12 13 14 | 14.1
Armour         | 1 2 3 4 5 6 8 10 12 14 15 16 | 16.7
Dodging        | 3 4 5 6 7 9 10 11 12 | 12.4
Short Blades   | 1 2 3 4 6 7 8 |  8.0
Shields        | 1 2 4 5 7 10 11 12 14 15 | 15.0
Evocations     | 4 7 8 10 11 | 11.2
Invocations    | 3 4 5 6 7 |  7.0
Charms         | 2 4 |  4.0
Stealth        | |  1.1

Action                   |  1- 3 |  4- 6 |  7- 9 | 10-12 | 13-15 | 16-18 | 19-21 || total
-------------------------+-------+-------+-------+-------+-------+-------+-------++-------
Melee: Hunting sling     |       |     1 |       |     3 |     1 |     2 |       ||     7
       Whip              |       |       |     6 |     6 |       |       |       ||    12
       Short sword       |       |       |       |    34 |       |       |       ||    34
       Headbutt          |       |       |       |    15 |     6 |       |       ||    21
       War axe           |       |       |       |     8 |       |       |       ||     8
       Dagger            |       |       |       |       |    21 |       |       ||    21
 Fire: Hunting sling     |   101 |   290 |   586 |  1145 |  1834 |  2203 |  1064 ||  7223
       Blowgun           |       |       |    11 |       |       |       |       ||    11
Invok: Heroism           |       |       |       |     8 |    11 |    16 |    12 ||    47
       Finesse           |       |       |       |     1 |     3 |     4 |     5 ||    13
 Abil: Evoke Invisibilit |       |       |       |    11 |    28 |    11 |     5 ||    55
Evoke: Wand              |       |       |       |    22 |     6 |     3 |     3 ||    34
       Phial of floods   |       |       |       |     1 |       |       |     1 ||     2
       Sack of spiders   |       |       |       |       |       |       |     1 ||     1
  Use: Potion            |       |     6 |     1 |     1 |     2 |     2 |     2 ||    14
       Scroll            |       |    11 |     2 |    16 |     9 |    13 |    14 ||    65
 Stab: Paralysed         |       |       |       |     2 |       |       |       ||     2
       Invisible         |       |       |       |       |     3 |       |       ||     3
  Eat: Chunk             |       |    17 |    18 |    35 |    22 |    11 |     8 ||   111
       Ration            |       |       |       |       |     5 |     7 |     3 ||    15
Armor: Leather armour    |     6 |    20 |     2 |    29 |    75 |       |       ||   132
       Ring mail         |       |       |    32 |       |       |       |       ||    32
       Scale mail        |       |       |    30 |    51 |    43 |   266 |   104 ||   494
Dodge: Dodged            |    17 |   114 |   182 |   257 |   519 |   959 |   201 ||  2249
Block: Buckler           |       |       |    60 |   164 |   216 |       |       ||   440
       Reflection        |       |       |       |     4 |     1 |       |       ||     5
       Shield            |       |       |       |       |   179 |   823 |   268 ||  1270

Table legend:
 A = Spawn XP
 B = Non-spawn XP
 C = Spawn XP percentage of total XP
 D = Spawn monster count
 E = Non-spawn monster count
 F = Spawn count percentage of total count
 G = Total turns spent on level
                    A         B        C        D         E        F      G
               +---------+---------+-------+---------+---------+-------+---------
         Total |       0 |  395460 |   0.0 |       0 |    1286 |   0.0 | 48778
               +---------+---------+-------+---------+---------+-------+---------
           D:1 |       0 |      42 |   0.0 |       0 |      27 |   0.0 |  1020
           D:2 |       0 |     139 |   0.0 |       0 |      33 |   0.0 |  1565
           D:3 |       0 |     197 |   0.0 |       0 |      34 |   0.0 |  1650
           D:4 |       0 |     257 |   0.0 |       0 |      19 |   0.0 |  1386
           D:5 |       0 |    2200 |   0.0 |       0 |      34 |   0.0 |  2805
           D:6 |       0 |     787 |   0.0 |       0 |      17 |   0.0 |  1951
           D:7 |       0 |     801 |   0.0 |       0 |      15 |   0.0 |  1362
           D:8 |       0 |    1335 |   0.0 |       0 |      36 |   0.0 |  1271
           D:9 |       0 |    2738 |   0.0 |       0 |      32 |   0.0 |  2146
          D:10 |       0 |     584 |   0.0 |       0 |       5 |   0.0 |   778
          D:11 |       0 |    1065 |   0.0 |       0 |      13 |   0.0 |   817
          D:12 |       0 |    5484 |   0.0 |       0 |      37 |   0.0 |  1283
          D:13 |       0 |   13099 |   0.0 |       0 |      36 |   0.0 |  1070
          D:14 |       0 |   11153 |   0.0 |       0 |      33 |   0.0 |  1215
          D:15 |       0 |   20919 |   0.0 |       0 |      61 |   0.0 |  1083
        Temple |       0 |      93 |   0.0 |       0 |       2 |   0.0 |   266
        Lair:1 |       0 |    3319 |   0.0 |       0 |      17 |   0.0 |  1855
        Lair:2 |       0 |   18652 |   0.0 |       0 |      61 |   0.0 |  3413
        Lair:3 |       0 |    6338 |   0.0 |       0 |      14 |   0.0 |  1551
        Lair:4 |       0 |    6599 |   0.0 |       0 |      37 |   0.0 |  1201
        Lair:5 |       0 |    2019 |   0.0 |       0 |       9 |   0.0 |   712
        Lair:6 |       0 |   18824 |   0.0 |       0 |      62 |   0.0 |  2127
       Swamp:1 |       0 |    9124 |   0.0 |       0 |      31 |   0.0 |  1214
       Swamp:2 |       0 |   14854 |   0.0 |       0 |      36 |   0.0 |  1097
       Swamp:3 |       0 |   15556 |   0.0 |       0 |      33 |   0.0 |   907
       Swamp:4 |       0 |   21025 |   0.0 |       0 |      47 |   0.0 |  1021
      Spider:1 |       0 |   21894 |   0.0 |       0 |      57 |   0.0 |  1034
      Spider:2 |       0 |   15915 |   0.0 |       0 |      43 |   0.0 |   890
      Spider:3 |       0 |   20730 |   0.0 |       0 |      56 |   0.0 |  1542
      Spider:4 |       0 |   45055 |   0.0 |       0 |      82 |   0.0 |  1282
         Orc:1 |       0 |    9506 |   0.0 |       0 |      57 |   0.0 |  1353
         Orc:2 |       0 |   14528 |   0.0 |       0 |      61 |   0.0 |  1308
         Elf:1 |       0 |   27581 |   0.0 |       0 |      40 |   0.0 |  1505
         Elf:2 |       0 |   19824 |   0.0 |       0 |      37 |   0.0 |   757
         Elf:3 |       0 |   33048 |   0.0 |       0 |      26 |   0.0 |   809
         Sewer |       0 |     145 |   0.0 |       0 |      10 |   0.0 |   420
         IceCv |       0 |   10031 |   0.0 |       0 |      36 |   0.0 |  1112
               +---------+---------+-------+---------+---------+-------+---------
